 Dungeon Crawl Stone Soup version 0.28.0 (webtiles) character file.

Game seed: 9466570710854338507

54 Hasart the Insei (level 3, 0/23 HPs)
             Began as an Octopode Transmuter on Feb 15, 2022.
             Succumbed to an adder's poison
             ... on level 5 of the Dungeon.
             The game lasted 00:01:57 (1210 turns).

Hasart the Insei (Octopode Transmuter)              Turns: 1210, Time: 00:01:57

Health: 0/23       AC:  1    Str:  9    XL:     3   Next: 91%
Magic:  5/6        EV: 13    Int: 17    God:
Gold:   61         SH:  0    Dex: 12    Spells: 5/6 levels left

rFire   . . .      SeeInvis .     - Unarmed
rCold   . . .      Faith    .   (no shield)
rNeg    . . .      Spirit   .   (helmet currently unavailable)
rPois   .          Reflect  .   (no amulet)
rElec   .          Harm     .   (no ring)
rCorr   .          Rampage  .   (no ring)
Will    .....                   (no ring)
Stlth   ++........              (no ring)
HPRegen 0.07/turn               (no ring)
MPRegen 0.10/turn               (no ring)
                                (no ring)
                                (no ring)

@: lethally poisoned (0 -> -6), appendages (expiring), hasted, very quick
A: tentacle spike 3, almost no armour, amphibious, 8 rings, camouflage 1,
gelatinous body 1, (nimble swimmer 1), tentacles
a: End Transformation


You were on level 5 of the Dungeon.
One of your tentacles had grown a beastly spike.
You visited 1 branch of the dungeon, and saw 5 of its levels.

You collected 61 gold pieces.

Inventory:

Armour
 d - an orb of light
Scrolls
 a - 2 scrolls of enchant armour {unknown}
 b - 2 scrolls of identify {unknown}
 e - a scroll of magic mapping {unknown}
Potions
 c - a potion of haste
 f - a potion of curing {unknown}


   Skills:
 + Level 1.6 Fighting
 + Level 2.4 Dodging
 * Level 3.5 Unarmed Combat
 + Level 2.3 Spellcasting
 + Level 2.5 Transmutations


You had 5 spell levels left.
You knew the following spells:

 Your Spells              Type           Power      Damage    Failure   Level
a - Beastly Appendage     Tmut           20%        N/A       7%          1

Your spell library contained the following spells:

 Spells                   Type           Power      Damage    Failure   Level
 Wereblood                Tmut           10%        N/A       10%         2
 Spider Form              Tmut/Pois      6%         N/A       32%         3
 Ice Form                 Ice/Tmut       6%         N/A       73%         4


Dungeon Overview and Level Annotations

Branches:
Dungeon (5/15)
 Temple: D:4-7

Altars:

Annotations:
D:2 Sigmund


Innate Abilities, Weirdness & Mutations

One of your tentacles has grown a beastly spike.
You cannot wear most types of armour.
You are amphibious.
You can wear up to eight rings at the same time.
Your skin changes colour to match your surroundings (Stealth+).
Your rubbery body absorbs attacks. (AC +1, EV +1)
((You are camouflaged when in or above water. (Stealth+)))
You have tentacles for arms and can constrict up to eight enemies at once.


Message History

You tentacle-slap the hound.
You pierce the hound, but do no damage.
The hound is severely wounded.
You constrict the hound.
An adder comes into view.
The hound misses you.
You tentacle-slap the hound.
You kill the hound!
You have reached level 3!
Your experience leads to an increase in your attributes!
Increase (S)trength, (I)ntelligence, or (D)exterity?
You feel clever. x2
You miss the adder. Your grab misses the adder.
Your tentacle spike misses the adder.
The adder bites you.
You barely miss the adder. Your grab misses the adder.
Your tentacle spike misses the adder.
The adder bites you.
You barely miss the adder. Your grab misses the adder.
Your tentacle spike misses the adder.
The adder bites you.
You are poisoned.
The adder poisons you!
You tentacle-slap the adder but do no damage.
Your grab misses the adder.
Your tentacle spike misses the adder.
You feel sick. The adder bites you but does no damage. The adder bites you.
You are lethally poisoned!
The adder poisons you!
You barely miss the adder. You grab the adder.
You pierce the adder.
The adder is lightly wounded.
You constrict the adder.
* * * LOW HITPOINT WARNING * * *
You feel sick. The adder bites you.
* * * LOW HITPOINT WARNING * * *
You barely miss the adder. You squeeze the adder.
The adder is severely wounded.
You constrict the adder, but do no damage.
* * * LOW HITPOINT WARNING * * *
You feel sick. The adder barely misses you.
Unknown command.
It was a potion of haste.
You feel yourself speed up.
Your transformation is almost over.
You constrict the adder.
You die...

#.......#
#.#
####.####
#.# #.#
#.# #<#
#.# #.#
#.# #.#
#.# #.#
#.# #.#
#.. #@#
#.. #S#
###.#
#...#
#.### #†#
#.. ###.
.#


You could see an adder.

Vanquished Creatures
  A hound (D:5)
  2 ball pythons (D:1)
  A bat (D:2)
  2 endoplasms (D:1)
  3 hobgoblins (D:1)
  4 quokkas (D:1)
  6 frilled lizards (D:1)
  A kobold (D:1)
  3 rats (D:1)
23 creatures vanquished.

Vanquished Creatures (others)
  13 plants
13 creatures vanquished.

Grand Total: 36 creatures vanquished

Notes
Turn   | Place    | Note
-------+----------+-------------------------------------------
     0 | D:1      | Hasart the Octopode Transmuter began the quest for the Orb.
     0 | D:1      | Reached XP level 1. HP: 13/13 MP: 3/3
   275 | D:1      | Reached XP level 2. HP: 11/18 MP: 5/5
  1099 | D:2      | Noticed Sigmund
  1165 | D:3      | You fall into a shaft and drop 2 floors!
  1165 | D:5      | Entered Level 5 of the Dungeon
  1200 | D:5      | Reached XP level 3. HP: 15/23 MP: 4/6
  1209 | D:5      | HP: 1/23 [poisoned by an adder]
  1210 | D:5      | Succumbed to an adder's poison

Illustrated notes

Levels and vault maps discovered:
D:1:      lemuel_arrival_tunnels, layout_loops_cross, serial_glass,
          glass_columns_a, glass_columns_c, minmay_lizard_king
D:2:      layout_basic, shapermc_ecumenical_altar_mp_ritualfount, uniq_sigmund
D:3:      layout_loops_cross, minmay_bisected, uniq_natasha
D:4:      wander_river, layout_loops_ring, hellmonk_ghost_happy_afterlife,
          minmay_strange_pillars, uniq_grinder
D:5:      layout_loops_ring, grunt_dithmenos_smoke,
          gammafunk_ghost_gnarly_gnolls

Action                   || total
-------------------------++-------
Melee: Unarmed           ||    47
       Constrict         ||    12
       Tentacles         ||    11
       Kick              ||     5
       Punch             ||     1
 Cast: Beastly Appendage ||     3
  Use: Potion            ||     1
 Stab: Sleeping          ||     6
Armor: Skin              ||     1
Dodge: Dodged            ||    16
